 Dungeon Crawl Stone Soup version 0.31.0-11-ge490571c62 (webtiles) character file.

Game seed: 3150220606739305033

47 qw the Shooter (level 3, 0/18 HPs)
             Began as a Spriggan Hunter on Feb 3, 2024.
             Slain by a goblin
             ... wielding a +0 dagger
             ... led by Robin
              (5 damage)
             ... on level 2 of the Dungeon.
             The game lasted 00:00:06 (999 turns).

qw the Shooter (Spriggan Hunter)                     Turns: 999, Time: 00:00:06

Health: 0/18       AC:  2    Str:  7    XL:     3   Next: 48%
Magic:  4/4        EV: 19    Int: 10    God:
Gold:   39         SH:  0    Dex: 20    Spells: 2/2 levels left

rFire   . . .        a - +1 shortbow
rCold   . . .        (shield currently unavailable)
rNeg    . . .        c - +0 robe
rPois   +            (helmet restricted)
rElec   .            (no cloak)
rCorr   .            (gloves unavailable)
SInv    +            (boots unavailable)
Will    .....        (no amulet)
Stlth   ++           j - ring of poison resistance
HPRegen 0.23/turn    (no ring)
MPRegen 0.09/turn

%: no passive effects
@: very quick
A: very small, no large weapons, unfitting armour, see invisible, speed 3
a: no special abilities


You were on level 2 of the Dungeon.
You visited 1 branch of the dungeon, and saw 2 of its levels.

You collected 39 gold pieces.


Innate Abilities, Weirdness & Mutations

You are very small and have problems with some larger weapons.
You are too small for most types of armour.
You have supernaturally acute eyesight. (SInv)
You cover ground extremely quickly. (Speed+++)


   Skills:
 - Level 1.5 Fighting
 + Level 4.8 Ranged Weapons
 - Level 4.0 Dodging
 - Level 1.5 Stealth


You had 2 spell levels left.
You didn't know any spells.
Your spell library was empty.

Inventory:

Hand Weapons
 a - a +1 shortbow (weapon)
Armour
 c - a +0 robe (worn)
Jewellery
 j - a ring of poison resistance (left hand)
Potions
 d - a potion of curing

Dungeon Overview and Level Annotations

Branches:
Dungeon (2/15)

Altars:

Annotations:
D:2 Robin


Message History

You shoot an arrow. The arrow closely misses the adder.
You feel sick.
You hear a bark!
Robin roars a battlecry!
The goblins go into a battle-frenzy!
The goblin misses you. The goblin completely misses you. The adder misses you.
The goblin misses you. Robin throws the goblin at you!
A hobgoblin comes into view.
The goblin hits you with a +0 club. The goblin barely misses you.
The hobgoblin hits you but does no damage.
The goblin closely misses you.
You shoot an arrow. The arrow closely misses the adder.
The hobgoblin shouts!
You feel sick. The adder closely misses you. The adder misses you.
The goblin hits you but does no damage. The goblin misses you.
The hobgoblin closely misses you. The goblin closely misses you.
The goblin hits you with a +0 dagger.
You shoot an arrow. The arrow completely misses the adder.
You feel sick.
You are no longer poisoned.
The adder bites you.
Robin says, "We wiped out the hill dwarves - you're next!"
Robin roars a battlecry!
The goblin goes into a battle-frenzy!
The goblin misses you. The goblin barely misses you.
The goblin closely misses you. The hobgoblin misses you.
A goblin comes into view. It is wielding a +0 dagger.
The goblin closely misses you.
You hear a bark!
You shoot an arrow. The arrow closely misses the adder.
The adder barely misses you.
A jackal comes into view.
The adder closely misses you. The goblin barely misses you.
The goblin hits you but does no damage. x2; The hobgoblin misses you.
A goblin comes into view. It is wielding a +0 club.
The goblin misses you.
You shoot an arrow. The arrow hits the adder.
The adder is lightly wounded.
The adder completely misses you. The goblin hits you with a +0 dagger.
You die...

###### #.. #....# .
#....#....# ..
###....#....# .).
..#....#....########....
#......#........g.......
...............ggS......
.......#.......g@gg....#
.......#..######g#h..###
.....<....# #h# #.#
........#.# #.. gg
.##.###.#.# #... . .##.#
#.#.# ##... .##.###.#.#
.... .##.##..#.# .....
.##.##.##.#


You could see Robin, an adder, 2 jackals, 2 hobgoblins and 6 goblins.

Vanquished Creatures
  An adder (D:2)
  5 endoplasms (D:1)
  5 hobgoblins
  3 jackals
  A quokka (D:1)
  4 ball pythons (D:1)
  A bat (D:1)
  5 frilled lizards (D:1)
  6 goblins
  4 kobolds (D:1)
  2 rats (D:1)
37 creatures vanquished.

Notes
Turn   | Place    | Note
-------+----------+-------------------------------------------
     0 | D:1      | qw the Spriggan Hunter began the quest for the Orb.
     0 | D:1      | Reached XP level 1. HP: 10/10 MP: 2/2
     0 | D:1      | 0 ||| qw: Version: 0.3-a-155-g5e7d8dd
     0 | D:1      | 0 ||| qw: Game counter: 3326
     0 | D:1      | 0 ||| qw: Melee chars always use a shield: true
     0 | D:1      | 0 ||| qw: God list: Okawaru
     0 | D:1      | 0 ||| qw: Allow faded altars: false
     0 | D:1      | 0 ||| qw: Do Orc after clearing Dungeon:15 true
     0 | D:1      | 0 ||| qw: Do second Lair branch before Depths: true
     0 | D:1      | 0 ||| qw: Lair rune preference: random
     0 | D:1      | 0 ||| qw: Goals: Normal
     0 | D:1      | 0 ||| PLANNING D:1-11
    26 | D:1      | Reached skill level 3 in Dodging
    65 | D:1      | Reached XP level 2. HP: 10/14 MP: 3/3
   620 | D:1      | Reached XP level 3. HP: 15/18 MP: 4/4
   825 | D:1      | 825 ||| UPGRADING to ring of poison resistance.
   826 | D:1      | 826 ||| READING scroll labelled RAYXEU DIK PUSK.
   826 | D:1      | 826 ||| ENCHANTING +0 shortbow.
   827 | D:1      | 827 ||| READING 2 scrolls labelled EPTOCH DYRAO.
   827 | D:1      | 827 ||| IDENTIFYING dark potion
   828 | D:1      | 828 ||| READING scroll of identify.
   828 | D:1      | 828 ||| IDENTIFYING ruby potion
   829 | D:1      | 829 ||| READING scroll labelled YJEEHO ZAESHUP.
   830 | D:1      | 830 ||| READING scroll labelled GONINI UKUKAZU.
   831 | D:1      | 831 ||| READING scroll labelled AFEOSCHIESUO.
   832 | D:1      | 832 ||| READING scroll labelled LEXZUETHYN.
   836 | D:1      | 836 ||| DROPPING scroll of butterflies.
   837 | D:1      | 837 ||| DROPPING potion of lignification.
   990 | D:2      | Noticed Robin
   997 | D:2      | HP: 4/18 [adder (2)]
   999 | D:2      | Slain by a goblin

Levels and vault maps discovered:
D:1:      grunt_arrival_lava_bath, layout_rooms, serial_aquarium,
          aquarium_bridge_square [aquarium_subvault_bridge,
          aquarium_subvault_balcony, aquarium_subvault_window,
          aquarium_subvault_wall], aquarium_window_fake, aquarium_window_1,
          aquarium_window_corridor_3, aquarium_view_2b, aquarium_pool_five,
          minmay_cut_off
D:2:      layout_rooms, uniq_robin

Skill      XL: |  1  2 |
---------------+-------+-----
Dodging        | 3 4 |  4.0
Fighting       | |  1.5
Ranged Weapons | |  4.8
Stealth        | |  1.5

Action                     || total
---------------------------++-------
   Fire: Shortbow          ||   121
    Use: Scroll            ||     7
 Armour: Robe              ||    23
  Dodge: Dodged            ||    90

Table legend:
 A = Non-vault XP
 B = Vault XP
 C = Vault XP percentage of total XP
 D = Non-vault monster count
 E = Vault monster count
 F = Vault count percentage of total count
                 A         B        C        D         E       F
            +---------+---------+-------+---------+---------+-------
      Total |      60 |       8 |  11.8 |      33 |       4 |  10.8
            +---------+---------+-------+---------+---------+-------
        D:1 |      45 |       4 |   8.2 |      31 |       2 |   6.1
        D:2 |      15 |       4 |  21.1 |       2 |       2 |  50.0
            +---------+---------+-------+---------+---------+-------
